[Event "Titled Tuesday Blitz October 31 Early 2023"]
[White "Szpar, Milosz"]
[Black "Xu, Xiangyu"]
[WhiteFideId "1184989"]
[BlackFideId "8608288"]
[WhiteElo "2706"]
[BlackElo "2932"]
[Result "1-0"]
[Round "3"]
[TimeControl "180+1"]
[Date "2023.10.31"]
[WhiteClock "0:00:05"]
[BlackClock "0:00:08"]
[Board "11"]

1. Nf3 d5 2. e3 g6 3. c4 c6 4. d4 Nf6 5. Nc3 Bg7 6. Be2 O-O 7. O-O Bf5 8. cxd5 cxd5 9. Qb3 b6 10. Ne5 h5 11. Bd2 e6 12. Rfc1 Nfd7 13. Nf3 a6 14. a4 Ra7 15. a5 b5 16. Na2 Nf6 17. Bb4 Re8 18. Bc5 Rb7 19. Bb6 Qe7 20. Nb4 Nfd7 21. Bc5 Nxc5 22. Rxc5 Rc7 23. Rac1 Rec8 24. Rxc7 Rxc7 25. Rc3 Bf8 26. Nd3 Nc6 27. Qc2 Nb4 28. Rxc7 Nxc2 29. Rxe7 Bxe7 30. Nc5 Nb4 31. Nd2 Bxc5 32. dxc5 Bc2 33. Nf3 Bf5 34. Nd4 e5 35. Nxf5 gxf5 36. Bxh5 Nc6 37. Bd1 Nxa5 38. Kf1 Nc6 39. Ke2 a5 40. Bb3 Nb4 41. Kd2 d4 42. Bc2 dxe3+ 43. fxe3 f4 44. exf4 exf4 45. Be4 Na6 46. Bd3 Nxc5 47. Bxb5 Kf8 48. Kc3 Ke7 49. Kd4 Ne6+ 50. Ke5 f6+ 51. Ke4 Kd6 52. Bc4 Ng7 53. Kxf4 Kc5 54. Bf7 a4 55. h4 Kb4 56. g4 Kc5 57. h5 1-0


[Site "https://www.chess.com"]

[Event "Titled Tuesday Blitz October 31 Early 2023"]
[White "Nagare Kaivalya Sandip"]
[Black "Chigaev, Maksim"]
[WhiteFideId "25957929"]
[BlackFideId "4108116"]
[WhiteElo "2700"]
[BlackElo "2917"]
[Result "0-1"]
[Round "3"]
[TimeControl "180+1"]
[Date "2023.10.31"]
[WhiteClock "0:00:23"]
[BlackClock "0:00:07"]
[Board "12"]

1. e4 c5 2. Nf3 d6 3. d4 cxd4 4. Nxd4 Nf6 5. Nc3 a6 6. Bg5 e6 7. f4 h6 8. Bh4 Nbd7 9. Qf3 e5 10. Nf5 exf4 11. Qxf4 g5 12. Nxd6+ Bxd6 13. Qxd6 gxh4 14. e5 Nxe5 15. Qxe5+ Qe7 16. Qxe7+ Kxe7 17. Bc4 Be6 18. Bxe6 fxe6 19. O-O Rhg8 20. Rf4 Rg4 21. Raf1 Rxf4 22. Rxf4 Rd8 23. Rxh4 Rd2 24. Rxh6 Rxc2 25. g4 Nxg4 26. Rh7+ Kf6 27. Rxb7 Nxh2 28. Ne4+ Ke5 29. Nf2 Nf3+ 30. Kg2 Nd4 31. a4 Kf4 32. Rf7+ Ke3 33. Kf1 Nf5 34. Nd1+ Kf3 35. b4 Rc4 36. b5 Rxa4 37. bxa6 Rxa6 38. Ke1 Ra2 39. Rf6 Re2+ 40. Kf1 Re5 41. Rf8 Rd5 42. Ke1 Rd7 43. Ra8 Kf4 44. Ra4+ Nd4 45. Kd2 e5 46. Nc3 Kf3 47. Kd3 Nb5+ 48. Kc4 Nxc3 49. Kxc3 e4 50. Ra8 e3 51. Rf8+ Ke2 52. Re8 Kf2 53. Kc2 e2 54. Rf8+ Ke1 55. Re8 Rd5 56. Re7 Kf2 57. Rf7+ Ke1 58. Re7 Rd8 59. Re6 Rc8+ 60. Kd3 Kd1 61. Rxe2 Rd8+ 62. Ke3 Re8+ 63. Kf3 Rxe2 64. Kf4 Kd2 65. Kf5 Re3 66. Kf6 Kd3 67. Kf7 Re4 68. Kf8 Kd4 69. Kg7 Re6 70. Kh8 Kd5 71. Kg8 Kd6 72. Kg7 Ke7 73. Kg8 Rg6+ 74. Kh8 Kf7 75. Kh7 Rf6 76. Kh8 Rh6# 0-1


[Site "https://www.chess.com"]

[Event "Titled Tuesday Blitz October 31 Early 2023"]
[White "Priasmoro, Novendra"]
[Black "Ilamparthi A R"]
[WhiteFideId "7105029"]
[BlackFideId "45015775"]
[WhiteElo "2699"]
[BlackElo "2915"]
[Result "0-1"]
[Round "3"]
[TimeControl "180+1"]
[Date "2023.10.31"]
[WhiteClock "0:00:03"]
[BlackClock "0:00:34"]
[Board "13"]

1. Nf3 Nf6 2. g3 g6 3. Bg2 Bg7 4. O-O O-O 5. d4 d6 6. c4 Nbd7 7. Nc3 e5 8. e4 c6 9. h3 Qb6 10. d5 cxd5 11. cxd5 Nc5 12. Nd2 Bd7 13. b3 Rfc8 14. Nc4 Qa6 15. Bb2 b5 16. Ne3 b4 17. Ne2 Bb5 18. Nc1 Ncxe4 19. Re1 Nc3 20. Bxc3 Rxc3 21. Bf1 Bxf1 22. Rxf1 Rac8 23. Nc4 Rc5 24. Ne2 Rxd5 25. Nxc3 Rxd1 26. Nxd1 d5 27. Nce3 Ne4 28. Nb2 Nd2 29. Rfd1 Nf3+ 30. Kg2 e4 31. Rab1 Qxa2 32. Na4 Bd4 33. Ng4 h5 34. Rxd4 Qxb1 0-1


[Site "https://www.chess.com"]

[Event "Titled Tuesday Blitz October 31 Early 2023"]
[White "Pranav Anand"]
[Black "CuteSheepCloud"]
[WhiteFideId "46626786"]
[WhiteElo "2914"]
[BlackElo "2690"]
[Result "1-0"]
[Round "3"]
[TimeControl "180+1"]
[Date "2023.10.31"]
[WhiteClock "0:01:25"]
[BlackClock "0:01:36"]
[Board "14"]

1. Nf3 g6 2. h4 h5 3. d4 Bg7 4. e4 d6 5. Be2 b6 6. Be3 Bb7 7. Nbd2 Nd7 8. c3 e5 9. Qb3 Ngf6 10. Ng5 Qe7 11. O-O-O Rf8 12. Qa4 a6 13. Kb1 exd4 14. cxd4 Nxe4 15. Ndxe4 f6 16. Rc1 fxg5 17. Nxg5 b5 18. Qc2 c6 19. Qxg6+ Kd8 20. Ne6+ Kc8 21. Nxg7 Rg8 22. Bf3 Rxg7 23. Qxh5 Kc7 24. Ka1 Rf8 25. Bxc6 Bxc6 26. d5 Ne5 27. dxc6 Nc4 28. Rxc4 bxc4 29. Qa5+ Kxc6 30. Qxa6+ Kd7 31. Rd1 Rxg2 32. Qb7+ 1-0


[Site "https://www.chess.com"]

[Event "Titled Tuesday Blitz October 31 Early 2023"]
[White "Amilal Munkhdalai"]
[Black "Bharath Subramaniyam H"]
[WhiteFideId "4903250"]
[BlackFideId "46634827"]
[WhiteElo "2686"]
[BlackElo "2910"]
[Result "1/2-1/2"]
[Round "3"]
[TimeControl "180+1"]
[Date "2023.10.31"]
[WhiteClock "0:00:15"]
[BlackClock "0:00:14"]
[Board "15"]

1. e4 c6 2. d4 d5 3. exd5 cxd5 4. Bd3 Nc6 5. c3 Nf6 6. h3 e5 7. dxe5 Nxe5 8. Qe2 Qe7 9. Bb5+ Nc6 10. Qxe7+ Bxe7 11. Nf3 Be6 12. Be3 a6 13. Ba4 O-O-O 14. Nbd2 b5 15. Bc2 Kb7 16. a4 b4 17. Nd4 Rc8 18. Nxc6 Rxc6 19. Nb3 Ka8 20. Bd4 bxc3 21. bxc3 Rb8 22. O-O Ne4 23. Bxg7 Rg8 24. Nd4 Rxc3 25. Bxe4 Rxg7 26. Bf5 Bc5 27. Bxe6 Bxd4 28. Bxd5+ Ka7 29. Rab1 f6 30. Rfd1 Bc5 31. Be4 f5 32. Rdc1 Rxc1+ 33. Rxc1 Rc7 34. Bxf5 Bxf2+ 35. Kxf2 Rxc1 36. Bxh7 Kb6 37. g4 Rc7 38. Bd3 Rc3 39. Ke3 Kc5 40. Ke4 a5 41. h4 Kd6 42. Bb5 Rh3 43. h5 Ke6 44. Kf4 Kf7 45. Kg5 Kg7 46. Kf4 Rh1 47. Be8 Rf1+ 48. Kg5 Rh1 49. Bc6 Rh2 50. Kf4 Rf2+ 51. Bf3 Ra2 52. Bc6 Rc2 53. Bb5 Kh6 54. Be8 Rc5 55. Bb5 Rc1 56. Be2 Rb1 57. g5+ Kg7 58. h6+ Kh8 59. g6 Rb4+ 60. Kg5 Rxa4 61. Bb5 Rb4 62. Bc6 Rd4 63. Kf6 Rd6+ 64. Kf7 Rxg6 65. Kxg6 a4 66. Bxa4 Kg8 67. Bb3+ Kh8 68. h7 1/2-1/2


[Site "https://www.chess.com"]

[Event "Titled Tuesday Blitz October 31 Early 2023"]
[White "Kazakouski, Valery"]
[Black "Mendez Fortes, Eduardo Jesus"]
[WhiteFideId "13507443"]
[BlackFideId "3502376"]
[WhiteElo "2876"]
[BlackElo "2681"]
[Result "1-0"]
[Round "3"]
[TimeControl "180+1"]
[Date "2023.10.31"]
[WhiteClock "0:00:03"]
[BlackClock "0:00:00"]
[Board "16"]

1. Nf3 d5 2. c4 e6 3. g3 Nf6 4. b3 d4 5. e3 c5 6. Bg2 Nc6 7. exd4 cxd4 8. O-O Be7 9. Re1 O-O 10. Bb2 Re8 11. Na3 Bf8 12. Nc2 e5 13. d3 h6 14. a3 a5 15. Qd2 Bf5 16. b4 e4 17. Nfxd4 Bg6 18. Nxc6 bxc6 19. Bxf6 Qxf6 20. dxe4 axb4 21. axb4 Rxa1 22. Nxa1 Rd8 23. Qe3 Bxb4 24. Rb1 Bd2 25. Qe2 Qc3 26. Rd1 Rd4 27. h4 f6 28. e5 fxe5 29. Bxc6 Bf7 30. Qxe5 Qxc4 31. Bf3 Qc3 32. Qb8+ Kh7 33. Kg2 Bg6 34. h5 Bf5 35. Qb3 Qc5 36. Qb2 Qd6 37. Nb3 Bc3 38. Rxd4 1-0


[Site "https://www.chess.com"]

[Event "Titled Tuesday Blitz October 31 Early 2023"]
[White "Svane, Frederik"]
[Black "Leiva, Gianmarco"]
[WhiteFideId "12923044"]
[BlackFideId "3804399"]
[WhiteElo "2869"]
[BlackElo "2681"]
[Result "1/2-1/2"]
[Round "3"]
[TimeControl "180+1"]
[Date "2023.10.31"]
[WhiteClock "0:00:17"]
[BlackClock "0:00:04"]
[Board "17"]

1. d4 Nf6 2. Nf3 e6 3. Bf4 d5 4. Nbd2 Bd6 5. Bg5 Nbd7 6. e4 dxe4 7. Nxe4 Be7 8. Nxf6+ Bxf6 9. h4 h6 10. Be3 b6 11. Bd3 Bb7 12. Qe2 c5 13. O-O-O Qc7 14. dxc5 bxc5 15. Bb5 Bc6 16. Bxc6 Qxc6 17. Qd3 c4 18. Qd6 Qb5 19. Bd4 Be7 20. Qg3 Rg8 21. Kb1 Nf6 22. Ne5 Nd5 23. Qf3 Bf6 24. Rhe1 Rb8 25. Qe2 c3 26. Qxb5+ Rxb5 27. b3 Bxh4 28. a4 Rb7 29. Nf3 Bf6 30. Bxf6 Nxf6 31. Rd3 Rc7 32. Nd4 a6 33. Nf5 Kf8 34. Nd6 Nd5 35. g3 g5 36. Nc4 Kg7 37. Ne3 Nb4 38. Rd4 a5 39. Nc4 Ra8 40. Nxa5 Nxc2 41. Kxc2 Rxa5 42. Re3 Rf5 43. f3 h5 44. b4 g4 45. f4 Rd5 46. Rxd5 exd5 47. Rd3 Rc4 48. Rxd5 Rxb4 49. Rxh5 Rxa4 50. Rg5+ Kf6 51. Rxg4 Ra3 52. Rg5 Ke6 53. Re5+ Kf6 54. Re3 Kf5 55. Re5+ Kg4 56. Rg5+ Kf3 57. Rg7 f5 58. Rg5 Ke4 59. Rg8 Kf3 60. Kd3 Rb3 61. Rg5 Ra3 62. Rg6 Rb3 63. Rg7 Ra3 64. Rg8 Rb3 65. Rg5 Ra3 66. Rxf5 Kxg3 67. Rf8 Kg4 68. f5 Kg5 69. f6 Kg6 70. f7 Kg7 71. Rc8 Kxf7 72. Rxc3 Ra7 73. Rc4 Re7 74. Re4 Rd7+ 75. Rd4 Rxd4+ 76. Kxd4 1/2-1/2


[Site "https://www.chess.com"]

[Event "Titled Tuesday Blitz October 31 Early 2023"]
[White "Ivic, Velimir"]
[Black "Rosen, Eric"]
[WhiteFideId "950122"]
[BlackFideId "2032562"]
[WhiteElo "2855"]
[BlackElo "2677"]
[Result "1-0"]
[Round "3"]
[TimeControl "180+1"]
[Date "2023.10.31"]
[WhiteClock "0:00:06"]
[BlackClock "0:00:00"]
[Board "18"]

1. e4 c5 2. Nf3 e6 3. c3 d5 4. exd5 Qxd5 5. Na3 Nf6 6. d4 Nc6 7. Be3 cxd4 8. Nb5 Qd8 9. Nbxd4 Nd5 10. Nxc6 bxc6 11. Bd2 Qb6 12. c4 Bc5 13. Qe2 Qxb2 14. Rc1 Nb4 15. Qe4 O-O 16. Qb1 Qxa2 17. Ne5 Bxf2+ 18. Ke2 Bd4 19. Nf3 Bc5 20. Qxa2 Nxa2 21. Rb1 a5 22. g3 Nb4 23. Bg2 Ba6 24. Rhc1 Rfd8 25. Ne5 Rd6 26. Bxb4 Bxb4 27. Nxc6 Re8 28. Nxb4 axb4 29. Rxb4 Rc8 30. Ke3 h6 31. c5 Rd7 32. Rd4 Rdc7 33. c6 Bb5 34. Rd6 Kf8 35. Kd4 Ke7 36. Kc5 Ba4 37. Ra1 Bc2 38. Ra2 Bb3 39. Rad2 Bd5 40. Bxd5 exd5 41. R2xd5 g6 42. Kb6 h5 43. Rd7+ Rxd7 44. Rxd7+ Ke6 45. Kb7 Re8 46. Rd2 Rg8 47. c7 1-0


[Site "https://www.chess.com"]

[Event "Titled Tuesday Blitz October 31 Early 2023"]
[White "Sadykov, Ramil"]
[Black "Madaminov, Mukhiddin"]
[WhiteFideId "24113590"]
[BlackFideId "14210703"]
[WhiteElo "2677"]
[BlackElo "2849"]
[Result "0-1"]
[Round "3"]
[TimeControl "180+1"]
[Date "2023.10.31"]
[WhiteClock "0:00:06"]
[BlackClock "0:00:13"]
[Board "19"]

1. e4 e5 2. Nf3 Nc6 3. Nc3 Nf6 4. d4 exd4 5. Nxd4 Nxe4 6. Nxc6 Nxc3 7. Nxd8 Nxd1 8. Nxf7 Kxf7 9. Bc4+ Kf6 10. Kxd1 Bc5 11. Be3 Bb6 12. Kd2 d5 13. Bxb6 axb6 14. Bd3 c5 15. c3 Rd8 16. a3 d4 17. Rhe1 Be6 18. cxd4 Rxd4 19. Re4 Rxd3+ 20. Kxd3 Bf5 21. Ke3 Bxe4 22. Kxe4 Rd8 23. Ke3 c4 24. Rc1 b5 25. a4 Rd3+ 26. Ke4 Rb3 27. axb5 Rxb2 28. Rxc4 Rxf2 29. g3 Re2+ 30. Kf3 Re5 31. Rb4 b6 32. h4 Rc5 33. Kf4 h6 34. g4 g5+ 35. hxg5+ hxg5+ 36. Ke4 Ke6 37. Kd4 Re5 38. Rc4 Rd5+ 39. Ke4 Rxb5 40. Rc7 Kd6 41. Rg7 Rc5 42. Rg6+ Kc7 43. Kd4 Kb7 44. Rf6 Ka6 45. Rf5 Kb5 46. Ke4 Kb4 47. Kd4 Ra5 48. Ke4 Kc4 49. Re5 Rxe5+ 50. Kxe5 b5 51. Kf5 b4 52. Kxg5 b3 53. Kh6 b2 54. g5 b1=Q 55. g6 Qh1+ 56. Kg5 Qg2+ 57. Kf6 Kd5 58. g7 Qf2+ 59. Ke7 Qg3 60. Kf7 Qf4+ 61. Ke7 Qg5+ 62. Kf7 Qf5+ 63. Ke7 Qg6 64. Kf8 Qf6+ 65. Kg8 Ke6 66. Kh8 Kf7 67. Kh7 Qxg7# 0-1


[Site "https://www.chess.com"]

[Event "Titled Tuesday Blitz October 31 Early 2023"]
[White "Ozates, Tuna"]
[Black "Donchenko, Alexander"]
[WhiteFideId "6354521"]
[BlackFideId "24603295"]
[WhiteElo "2676"]
[BlackElo "2845"]
[Result "1-0"]
[Round "3"]
[TimeControl "180+1"]
[Date "2023.10.31"]
[WhiteClock "0:00:38"]
[BlackClock "0:01:35"]
[Board "20"]

1. e4 c6 2. d4 d5 3. exd5 cxd5 4. c4 Nf6 5. Nc3 g6 6. cxd5 Bg7 7. Qb3 O-O 8. g3 b6 9. Bg2 Bb7 10. Nge2 Na6 11. O-O Rc8 12. Nf4 Ne8 13. Be3 Nd6 14. Rfe1 Nc4 15. Bf1 Nxe3 16. fxe3 Nc7 17. Rad1 Ne8 18. e4 Kh8 19. e5 Nc7 20. Bg2 Ba8 21. Bh3 Rb8 22. Bg2 Rc8 23. h4 b5 24. Qa3 a6 25. Qa5 Bh6 26. Bh3 Bxf4 27. gxf4 Nxd5 28. Qxd8 Rcxd8 29. Nxd5 Bxd5 30. b3 e6 31. Kf2 Rc8 32. Rc1 Kg7 33. Ke3 Kh6 34. Bf1 Kh5 35. Be2+ Kh6 36. Bf3 Bxf3 37. Kxf3 Kh5 38. Ke4 Rfd8 39. Rh1 h6 40. Rhe1 b4 41. Rc4 a5 42. Rec1 Rxc4 43. bxc4 Kxh4 44. d5 a4 45. d6 h5 46. c5 Kg3 47. c6 h4 48. c7 Rc8 49. d7 Rxc7 50. Rxc7 h3 51. d8=Q h2 52. Rc1 b3 53. axb3 axb3 54. Qd3+ 1-0


[Site "https://www.chess.com"]

[Event "Titled Tuesday Blitz October 31 Early 2023"]
[White "Klukin, Kirill"]
[Black "Harikrishnan.A.Ra"]
[WhiteFideId "24199273"]
[BlackFideId "5081483"]
[WhiteElo "2845"]
[BlackElo "2671"]
[Result "1-0"]
[Round "3"]
[TimeControl "180+1"]
[Date "2023.10.31"]
[WhiteClock "0:00:08"]
[BlackClock "0:00:14"]
[Board "21"]

1. d4 d5 2. c4 c6 3. Nc3 Nf6 4. Nf3 Bf5 5. Qb3 Qb6 6. c5 Qc7 7. Bf4 Qc8 8. e3 e6 9. h3 h6 10. Be2 Be7 11. Qa4 Nbd7 12. b4 b5 13. Nxb5 cxb5 14. Bxb5 O-O 15. Ba6 Bc2 16. Qa5 Qd8 17. Bc7 Qe8 18. Rc1 Be4 19. Bb7 Bd3 20. Rc3 Bc4 21. Nd2 a6 22. Nxc4 dxc4 23. Rxc4 Ra7 24. c6 Nd5 25. O-O N7f6 26. Bh2 Bd8 27. Qa3 Bc7 28. Bxc7 Nxc7 29. Rc5 Ne4 30. Rc2 Nd6 31. Rfc1 Ncb5 32. Qa5 Qb8 33. a4 Nc7 34. Qe5 Nd5 35. c7 Qxb7 36. Qxd6 Nxc7 37. Rxc7 Qb8 38. Qxf8+ Qxf8 39. Rxa7 Qxb4 40. Rxa6 Qd2 41. Rac6 Qa2 42. R6c4 h5 43. h4 Kh7 44. g3 Kg6 45. Rb4 Kf5 46. d5 exd5 47. Rd4 Kg6 48. Rcd1 f6 49. Kg2 Kf7 50. R1d2 Qa3 51. Rc2 Kg6 52. Rc7 Qd6 53. Rb7 Qc6 54. Rb5 Qa6 55. Rbxd5 Kh6 56. Kh2 g6 57. a5 Qf1 58. Rd2 Qa1 59. Kg2 Qa4 60. Kh2 Qa1 61. Rc2 Qa4 62. Rdc5 Qa1 63. Rc6 Qa4 64. a6 g5 65. Rxf6+ Kg7 66. Rfc6 gxh4 67. Rc7+ Kg6 68. a7 hxg3+ 69. fxg3 h4 70. R7c6+ Kg5 71. R2c5+ Kg4 72. Rc4+ Kf3 73. Rxa4 Kf2 74. gxh4 Kf1 75. e4 Kf2 76. e5 Kf3 77. e6 Kf2 78. e7 Kf1 79. h5 Kf2 80. h6 Kf3 81. h7 Kf2 82. h8=Q Kf1 83. e8=Q Kf2 84. a8=Q Kf1 85. Rf4# 1-0


[Site "https://www.chess.com"]

[Event "Titled Tuesday Blitz October 31 Early 2023"]
[White "Yen, William"]
[Black "Sychev, Klementy"]
[WhiteFideId "30932025"]
[BlackFideId "4114060"]
[WhiteElo "2668"]
[BlackElo "2836"]
[Result "1/2-1/2"]
[Round "3"]
[TimeControl "180+1"]
[Date "2023.10.31"]
[WhiteClock "0:00:05"]
[BlackClock "0:00:03"]
[Board "22"]

1. e4 a6 2. d4 c6 3. Nf3 d5 4. Bd3 Bg4 5. h3 Bh5 6. c3 e6 7. Nbd2 Be7 8. a4 Nf6 9. e5 Nfd7 10. b4 a5 11. b5 c5 12. Ba3 b6 13. Bc2 Ra7 14. Nf1 Rc7 15. Ne3 cxd4 16. cxd4 Bxa3 17. Rxa3 f6 18. exf6 Qxf6 19. Ng4 Qe7 20. Re3 Qb4+ 21. Kf1 O-O 22. Rxe6 Qb2 23. Re2 Qc3 24. Ng5 Nf6 25. Ne6 Nxg4 26. hxg4 Bxg4 27. Bxh7+ Kf7 28. Nxc7 Bxe2+ 29. Qxe2 Qc1+ 30. Qe1 Qxc7 31. Rh3 Nd7 32. Rf3+ Nf6 33. Bf5 Re8 34. Qb1 Qc4+ 35. Kg1 Kf8 36. Bg6 Rc8 37. Bd3 Qxd4 38. Bf5 Re8 39. Bg6 Re2 40. Kh2 Qh4+ 41. Kg1 Qd4 42. Qf5 Re1+ 43. Kh2 Qe5+ 44. Qxe5 Rxe5 45. g3 d4 46. Rd3 Rd5 47. Kg2 Ke7 48. f4 Ke6 49. Kf3 Rd8 50. g4 Kd5 51. Bf7+ Kc5 52. g5 Nd7 53. Ke4 Rf8 54. g6 Nf6+ 55. Ke5 Rd8 56. f5 Rd7 57. Be6 Rd8 58. Bf7 Rd6 59. Be6 Ng4+ 60. Kf4 Nf6 61. Ke5 Nh5 62. Rh3 Nf6 63. Rd3 1/2-1/2


[Site "https://www.chess.com"]

[Event "Titled Tuesday Blitz October 31 Early 2023"]
[White "Kozak, Antoni"]
[Black "Ismagilov, Damir"]
[WhiteFideId "21832030"]
[BlackFideId "34199982"]
[WhiteElo "2835"]
[BlackElo "2666"]
[Result "1/2-1/2"]
[Round "3"]
[TimeControl "180+1"]
[Date "2023.10.31"]
[WhiteClock "0:00:22"]
[BlackClock "0:00:36"]
[Board "23"]

1. e4 c5 2. Nf3 Nf6 3. Nc3 d5 4. exd5 Nxd5 5. Bb5+ Bd7 6. Ne5 Bxb5 7. Qf3 f6 8. Qxd5 Qxd5 9. Nxd5 Na6 10. a4 Bd7 11. Nxd7 Kxd7 12. d3 Kc6 13. Ne3 e6 14. Nc4 Nb4 15. Kd1 b6 16. Bd2 Nd5 17. f4 Bd6 18. g3 a6 19. Ke2 Rhe8 20. Kf3 e5 21. f5 g6 22. g4 gxf5 23. gxf5 Ne7 24. Ne3 b5 25. Rhg1 Rg8 26. axb5+ axb5 27. Rxa8 Rxg1 28. Ra6+ Kc7 29. Ba5+ Kd7 30. Ra7+ Kc6 31. Bd8 Nxf5 32. Nxf5 Rf1+ 33. Kg2 Rxf5 34. Rxh7 Rg5+ 35. Kf3 Rf5+ 36. Ke2 Rf4 37. Rh6 e4 38. Rxf6 exd3+ 39. Kxd3 Rxf6 40. Bxf6 Bxh2 41. b3 Kd5 42. c4+ bxc4+ 43. bxc4+ Kc6 44. Ke4 Bg1 45. Bg5 Bh2 46. Be3 Bd6 47. Kf5 Bc7 48. Ke6 Ba5 49. Bg5 Be1 50. Be7 Bf2 51. Bf6 Bg1 52. Be5 Bf2 53. Bf4 Be1 54. Bd6 Bf2 55. Bxc5 Kxc5 56. Kf7 Kxc4 1/2-1/2


[Site "https://www.chess.com"]

[Event "Titled Tuesday Blitz October 31 Early 2023"]
[White "Sharapov, Evgeny"]
[Black "Karolczuk, Iwo"]
[WhiteFideId "14103133"]
[BlackFideId "21816972"]
[WhiteElo "2661"]
[BlackElo "2833"]
[Result "1-0"]
[Round "3"]
[TimeControl "180+1"]
[Date "2023.10.31"]
[WhiteClock "0:01:18"]
[BlackClock "0:00:05"]
[Board "24"]

1. e4 e6 2. d4 d5 3. Nc3 Nf6 4. e5 Nfd7 5. f4 c5 6. Nf3 Nc6 7. Be3 a6 8. Qd2 b5 9. Nd1 b4 10. c3 Qa5 11. Be2 bxc3 12. bxc3 cxd4 13. Nxd4 Nxd4 14. Bxd4 Bc5 15. O-O O-O 16. Kh1 Rb8 17. Ne3 Bxd4 18. Qxd4 f6 19. exf6 Nxf6 20. Bd3 Bd7 21. c4 Qb6 22. Qxb6 Rxb6 23. cxd5 exd5 24. Rab1 Rfb8 25. Rxb6 Rxb6 26. Rb1 Rxb1+ 27. Bxb1 Bb5 28. Nf5 g6 29. Nd4 Bc4 30. Kg1 Kf7 31. Kf2 Ng4+ 32. Kg3 Ne3 33. Kf3 Nd1 34. a3 Ke7 35. g4 Nc3 36. Bc2 Kf6 37. Ke3 h6 38. h4 g5 39. fxg5+ hxg5 40. h5 Kg7 41. Nf5+ Kh8 42. Nd6 Be2 43. h6 Bxg4 44. Nf7+ Kg8 45. h7+ Kxf7 46. h8=Q 1-0


[Site "https://www.chess.com"]

[Event "Titled Tuesday Blitz October 31 Early 2023"]
[White "Mitrabha, Guha"]
[Black "Barrientos, Sergio E"]
[WhiteFideId "5057000"]
[BlackFideId "4401824"]
[WhiteElo "2827"]
[BlackElo "2645"]
[Result "1/2-1/2"]
[Round "3"]
[TimeControl "180+1"]
[Date "2023.10.31"]
[WhiteClock "0:00:14"]
[BlackClock "0:00:22"]
[Board "25"]

1. Nf3 g6 2. g3 Bg7 3. Bg2 Nf6 4. c4 O-O 5. Nc3 c6 6. e4 d5 7. e5 Nfd7 8. d4 dxc4 9. h4 c5 10. h5 cxd4 11. Qxd4 Nxe5 12. Qh4 Bf5 13. Nxe5 Bxe5 14. hxg6 Bxg6 15. Be4 Qd6 16. Bxb7 Nc6 17. Bxa8 Rxa8 18. Be3 Bf6 19. Qf4 Ne5 20. O-O Bg5 21. Rad1 Qe6 22. Qxg5 Nf3+ 23. Kg2 Nxg5 24. Bxg5 Rb8 25. Rd2 f6 26. Bf4 Rb7 27. Rfd1 Kf7 28. f3 Bd3 29. Kf2 Qb6+ 30. Be3 Qa5 31. Rh1 Rd7 32. Rh4 Qd8 33. Rh6 Bg6 34. Rxd7 Qxd7 35. Rh4 Qd3 36. Rd4 Qc2+ 37. Rd2 Qf5 38. Nd5 Qb1 39. Nc3 Qh1 40. Bxa7 Bd3 41. Ne2 Qh2+ 42. Ke3 Bxe2 43. Rxe2 Qg1+ 44. Rf2 Qxg3 45. Bd4 h5 46. a4 h4 47. a5 e5 48. Bb6 Qf4+ 49. Ke2 Qf5 50. Kd2 Qd3+ 51. Kc1 c3 52. bxc3 Qxc3+ 53. Rc2 Qe1+ 54. Kb2 Qb4+ 55. Ka2 h3 56. Rh2 Qc4+ 57. Kb2 Qc8 58. Ka3 Qc3+ 59. Ka4 Qxf3 60. a6 Qc6+ 61. Ka5 Qc3+ 62. Kb5 Qb3+ 63. Kc6 Ke6 64. Kb7 Qd5+ 65. Kb8 Qd6+ 66. Kb7 Qd7+ 67. Kb8 Qe8+ 68. Kb7 Qf7+ 69. Bc7 Kd7 70. Rd2+ Ke8 71. Rd8+ Ke7 72. a7 Qb3+ 73. Bb6 Qf3+ 74. Kb8 h2 75. Rh8 h1=Q 76. Rxh1 Qxh1 77. a8=Q Qxa8+ 78. Kxa8 Kd6 79. Kb7 f5 80. Bc7+ Kd5 81. Kb6 f4 82. Kb5 Kd4 83. Kb4 Kd3 84. Bxe5 f3 85. Bg3 Ke2 86. Kc3 f2 87. Bxf2 1/2-1/2


[Site "https://www.chess.com"]

[Event "Titled Tuesday Blitz October 31 Early 2023"]
[White "Pakleza, Zbigniew"]
[Black "Chinguun, Sumiya"]
[WhiteFideId "1119290"]
[BlackFideId "4902572"]
[WhiteElo "2809"]
[BlackElo "2642"]
[Result "1-0"]
[Round "3"]
[TimeControl "180+1"]
[Date "2023.10.31"]
[WhiteClock "0:00:05"]
[BlackClock "0:00:15"]
[Board "26"]

1. d4 Nf6 2. Nf3 g6 3. Bf4 Bg7 4. e3 O-O 5. Be2 d6 6. h3 Nc6 7. O-O Nd7 8. Bh2 e5 9. c4 Re8 10. Nc3 f5 11. a3 Nf8 12. b4 e4 13. Nd2 g5 14. c5 d5 15. Nxd5 f4 16. Bc4 Be6 17. Nc3 Bxc4 18. Nxc4 Ng6 19. b5 Nce7 20. Nxe4 Nd5 21. Qd3 f3 22. g4 Nh4 23. Ng3 Nf6 24. e4 Qd7 25. a4 Nxg4 26. hxg4 Qxg4 27. Rfe1 Bxd4 28. Qxd4 Rad8 29. Ne3 Qe6 30. Qc4 Qxc4 31. Nxc4 Rd4 32. Ne3 Ng6 33. Red1 Rxd1+ 34. Rxd1 Nf4 35. Nef5 h5 36. Kf1 h4 37. Nh1 Rxe4 38. Bxf4 Rxf4 39. Ne7+ Kf7 40. Nd5 Rxa4 41. Nxc7 Rc4 42. b6 axb6 43. cxb6 Rc6 44. Nd5 Rd6 45. Ke1 g4 46. Rd4 h3 47. Kd2 Rc6 48. Ng3 Ke6 49. Ne3 Ke5 50. Rxg4 Rd6+ 51. Kc3 Rc6+ 52. Nc4+ Kd5 53. Rg5+ Ke6 54. Rg6+ Kd5 55. Rxc6 Kxc6 56. Kd4 Kb5 57. Kd5 h2 58. Nh1 Kb4 59. Nd6 Ka5 60. Kc5 Ka6 61. Ng3 h1=Q 62. Nxh1 Ka5 63. Nxb7+ Ka6 64. Nd6 Ka5 65. b7 Ka6 66. b8=Q 1-0


[Site "https://www.chess.com"]

[Event "Titled Tuesday Blitz October 31 Early 2023"]
[White "Principe, Gerson"]
[Black "Hambleton, Aman"]
[WhiteFideId "3804550"]
[BlackFideId "2606577"]
[WhiteElo "2632"]
[BlackElo "2808"]
[Result "0-1"]
[Round "3"]
[TimeControl "180+1"]
[Date "2023.10.31"]
[WhiteClock "0:00:02"]
[BlackClock "0:00:05"]
[Board "27"]

1. d4 Nf6 2. Nf3 e6 3. c4 b6 4. g3 Ba6 5. b3 Bb7 6. Bg2 Bb4+ 7. Bd2 c5 8. dxc5 Bxc5 9. O-O O-O 10. Nc3 a6 11. Na4 Be7 12. Be3 b5 13. Nb6 Ra7 14. Nxd7 Nbxd7 15. Bxa7 bxc4 16. bxc4 Qa8 17. Be3 Rc8 18. Rc1 h6 19. Nh4 Bxg2 20. Nxg2 Qe4 21. f3 Qf5 22. Bf2 h5 23. Qc2 Qa5 24. Rfd1 Ne5 25. c5 Nfd7 26. Qd2 Qa4 27. f4 Nc6 28. Qxd7 Rd8 29. Rd4 Qa3 30. Qxd8+ Bxd8 31. Rdd1 Qxa2 32. Kf1 Bf6 33. Ne3 a5 34. Nc4 a4 35. Ne5 Bxe5 36. fxe5 Qb3 37. Rd6 Nxe5 38. c6 Qb2 39. Rdd1 Nxc6 40. Rxc6 a3 41. Bd4 Qb7 42. Rdc1 a2 43. Kf2 f6 44. Rc8+ Kh7 45. R8c4 e5 46. Ba1 Qb6+ 47. Kg2 Qb7+ 48. Kf2 Qb6+ 49. Kg2 Qe3 50. R4c2 Qe4+ 51. Kf2 h4 52. gxh4 Qf4+ 53. Kg2 Qg4+ 54. Kf2 Qxh4+ 55. Kg2 Qg4+ 56. Kf2 Qh4+ 57. Kg2 Kg6 58. Rc3 Qe4+ 59. Kf2 Qh4+ 60. Kg2 Kf7 61. Rc7+ Ke6 62. R7c3 Qe4+ 63. Kf2 Qf4+ 64. Kg2 g5 65. Rc6+ Kf7 66. Rc7+ Kg6 67. R7c3 Qe4+ 68. Kf2 g4 69. R1c2 Qf4+ 70. Kg2 Qe4+ 71. Kf2 Qh1 72. Rc1 Qxh2+ 73. Ke3 Qf4+ 74. Kd3 g3 75. Kc2 g2 76. Rg1 Qf2 77. Rxg2+ Qxg2 78. Kb3 Qxe2 79. Rc2 Qb5+ 80. Kxa2 f5 81. Rg2+ Kf6 82. Rb2 Qa4+ 83. Kb1 Qd1+ 84. Ka2 f4 85. Rb6+ Kf5 86. Rb2 Qa4+ 87. Kb1 f3 88. Rc2 Qxc2+ 89. Kxc2 f2 0-1


[Site "https://www.chess.com"]

[Event "Titled Tuesday Blitz October 31 Early 2023"]
[White "Kamsky, Gata"]
[Black "Ginzburg, Yakov"]
[WhiteFideId "2000024"]
[BlackFideId "4157176"]
[WhiteElo "2808"]
[BlackElo "2617"]
[Result "1-0"]
[Round "3"]
[TimeControl "180+1"]
[Date "2023.10.31"]
[WhiteClock "0:01:57"]
[BlackClock "0:00:16"]
[Board "28"]

1. e4 c5 2. Nf3 e6 3. d4 cxd4 4. Nxd4 Nf6 5. Nc3 Nc6 6. Ndb5 Bb4 7. a3 Bxc3+ 8. Nxc3 d5 9. exd5 exd5 10. Bd3 O-O 11. O-O d4 12. Ne4 Bf5 13. Bg5 Bxe4 14. Bxe4 h6 15. Bxf6 Qxf6 16. Qf3 Qxf3 17. Bxf3 Ne5 18. Bxb7 Rab8 19. Be4 Rxb2 20. Rfb1 Rfb8 21. Rxb2 Rxb2 22. Rd1 Ra2 23. f4 Ng6 24. Rxd4 Rxa3 25. Rd8+ Nf8 26. f5 Rc3 27. Kf2 a5 28. Ra8 Rc5 29. Ke3 g6 30. Kd4 Rc7 31. fxg6 fxg6 32. Bxg6 Rxc2 33. Bxc2 1-0


[Site "https://www.chess.com"]